 Dungeon Crawl Stone Soup version 0.27-a0-1325-g58a489ad9e (webtiles) character file.

Game seed: 3745893035654881095

42845 Phlounder the Thaumaturge (level 14, -5/101 HPs)
             Began as a Djinni Wanderer on June 24, 2021.
             Was the Champion of Ru.
             Slain by a quicksilver ooze (11 damage)
             ... on level 2 of the Pits of Slime.
             The game lasted 00:59:14 (22637 turns).

Phlounder the Thaumaturge (Djinni Wanderer)        Turns: 22637, Time: 00:59:16

Health: -5/101     AC:  9    Str: 15    XL:     14   Next: 57%
Gold:   2462       EV: 13    Int: 24    God:    Ru [******] SH:  5 Dex: 14

rFire    + + .     SeeInvis .   C - +0 demon blade (drain)
rCold    x . .     Faith    .   (shield unavailable)
rNeg     . . .     Spirit   .   l - +0 acid dragon scales
rPois    ∞         Reflect  +   y - +2 helmet
rElec    .         Harm     .   N - +0 cloak {Stlth+}
rCorr    +         Rampage  .   R - +0 pair of gloves "Kaipto" {Str+4}
Will     .....                  (boots unavailable)
Stlth    ++++......             P - amulet of reflection
HPRegen  0.00/turn              (ring unavailable)
MPRegen  0.00/turn              H - +6 ring of intelligence

@: engulfed, corroded, flying, very slightly contaminated
A: sickness immunity, fire resistance 2, inhibited regeneration, cold
vulnerability 1, missing a hand, hated by all, weak-willed 1, float, innate
caster, hp casting, extra vitality 1
a: Renounce Religion, Draw Out Power, Power Leap, Apocalypse


You were on level 2 of the Pits of Slime.
You worshipped Ru.
Ru was exalted by your worship.
You visited 4 branches of the dungeon, and saw 20 of its levels.
You also visited: Sewer.

You collected 2639 gold pieces.
You spent 177 gold pieces at shops.

Inventory:

Hand Weapons
 a - a +3 war axe of freezing
 g - a +1 vampiric dagger
 B - a +3 falchion
 C - a +0 demon blade of draining (weapon)
 Q - a +5 demon trident
Missiles
 d - 477 stones
 u - 7 boomerangs (quivered)
Armour
 l - +0 acid dragon scales (worn)
 y - a +2 helmet (worn)
 A - the +0 robe of Saorred {rElec rF++ Regen+ Int-5}
   (You found it on level 6 of the Dungeon)

   It affects your intelligence (-5).
   It greatly protects you from fire.
   It insulates you from electricity.
   It increases your rate of health regeneration.
 N - a +0 cloak of stealth (worn)
 R - the +0 pair of gloves "Kaipto" (worn) {Str+4}
   (You found it on level 1 of the Lair of Beasts)

   It affects your strength (+4).
 S - a +1 troll leather armour {Snorg}
Jewellery
 h - a +4 ring of protection
 E - a ring of protection from fire
 G - a ring of positive energy
 H - a +6 ring of intelligence (right hand)
 P - an amulet of reflection (around neck)
Wands
 n - a wand of iceblast (11)
 F - a wand of acid (13)
 M - a wand of paralysis (17)
Scrolls
 b - a scroll of enchant armour {unknown}
 c - 4 scrolls of fog
 e - 9 scrolls of teleportation
 f - 3 scrolls of silence
 k - 4 scrolls of fear
 p - 2 scrolls of noise {unknown}
 q - a scroll of vulnerability {unknown}
 r - 4 scrolls of magic mapping {unknown}
 v - 2 scrolls of summoning {unknown}
 D - a scroll of immolation
 K - 2 scrolls of enchant weapon {unknown}
Potions
 i - 5 potions of brilliance
 j - 3 potions of haste
 m - 6 potions of heal wounds
 o - 6 potions of curing
 s - 3 potions of cancellation
 t - a potion of lignification
 w - a potion of mutation
 z - a potion of ambrosia {unknown}
 I - a potion of berserk rage {unknown}
 J - a potion of attraction {unknown}
 L - a potion of invisibility {unknown}
 O - 2 potions of might
Miscellaneous
 x - a phial of floods


   Skills:
 * Level 9.2 Fighting
 + Level 2.2(7.5) Short Blades
 * Level 11.1(11.2) Long Blades
 + Level 1.1 Throwing
 + Level 6.3 Armour
 + Level 5.4 Dodging
 + Level 5.3 Stealth
 + Level 0.4 Unarmed Combat
 * Level 12.9 Spellcasting


You had 12 spell levels left.
You knew the following spells:

 Your Spells              Type           Power      Damage    Failure   Level
a - Call Canine Familiar  Summ           67%        N/A       1%          3
b - Summon Small Mammal   Summ           100%       N/A       1%          1
c - Stone Arrow           Conj/Erth      100%       3d13      1%          3
d - Sandblast             Erth           100%       2d20      1%          1
e - Animate Skeleton      Necr           100%       N/A       1%          1
f - Passwall              Tmut/Erth      55%        N/A       1%          2
g - Searing Ray           Conj           100%       3d7       1%          2
h - Summon Ice Beast      Ice/Summ       67%        N/A       1%          4
i - Ice Form              Ice/Tmut       67%        N/A       1%          4
j - Irradiate             Conj/Tmut      33%        3d24      1%          5

Your spell library contained the following spells:

 Spells                   Type           Power      Damage    Failure   Level


Dungeon Overview and Level Annotations

Branches:
Dungeon (11/15)            Temple (1/1) D:7            Lair (5/6) D:11
 Shoals (0/4) Lair:2        Snake (0/4) Lair:4        Slime (3/5) Lair:5
  Sewer (visited)
    Orc: D:9-12

Altars:
Ashenzari
Cheibriados
Dithmenos
Elyvilon
Fedhas
Gozag
Hepliaklqana
Kikubaaqudgha
Makhleb
Nemelex Xobeh
Okawaru
Qazlal
Ru
Sif Muna
Trog
Uskayaw
Vehumet
Wu Jian
Xom
Yredelemnul
Zin
The Shining One
Jiyva

Shops:
D:6 *

Portals:
Trove: D:10 (show slimy rune of Zot)

Annotations:
Lair:5 3 runed translucent doors


Innate Abilities, Weirdness & Mutations

You are immune to sickness and miasma.
You are immune to poison.
Your flesh is very heat resistant. (rF++)
You do not regenerate when monsters are visible.
You are vulnerable to cold. (rC-)
You are missing a hand.
You are hated by all.
You are slightly weak-willed. (Will-)
You float through the air rather than walking.
You learn spells naturally, not from books.
Your magical power is your life essence.
You have superior vitality. (+4 HP)


Message History

The quicksilver ooze quivers.
You fly downwards.
An acid blob and 2 slime creatures come into view.
There is a stone staircase leading up here.
The helpless acid blob fails to defend itself.
You hit the acid blob.
Your hand burns!
The acid blob is lightly wounded.
You hit the acid blob.
Your hand burns!
The acid blob is lightly wounded.
The slime creature quivers. x2
The acid blob barely misses you.
You riposte.
You slice the acid blob!!
The acid blob is moderately wounded.
You slash the acid blob!
Your hand burns!
The acid blob is moderately wounded.
The acid blob hits you!!
You are splashed with acid.
You resist.
You slash the acid blob!
Your hand burns!
The acid blob is heavily wounded.
The acid blob spits acid at you.
The splash of acid hits you but does no damage.
You are splashed with acid.
You resist.
You slash the acid blob!
Your hand burns!
The acid blob is heavily wounded.
The acid blob hits you!! The acid corrodes you!
You are splashed with acid.
You resist.
* * * LOW HITPOINT WARNING * * *
Casting: Stone Arrow (safe; 1% risk of failure)
Confirm with . or Enter, or press ? or * to list all spells.
You erupt in a fountain of uncontrolled magic!
The acid blob is blasted with magical radiation!!!
You kill the acid blob!
You are very lightly contaminated with residual magic.
* * * LOW HITPOINT WARNING * * *
A slime creature comes into view.
You fly upwards.
The quicksilver ooze is stunned by your conviction and fails to attack.
The quicksilver ooze closely misses you.
The quicksilver ooze barely misses you. The quicksilver ooze hits you!!
* * * LOW HITPOINT WARNING * * *
The quicksilver ooze engulfs you! The quicksilver ooze hits you!
You die...

###........#... ..
##.....#........#^...
#......##......#......
#..........#.........
##..........##....#.#
#.....<.............##
##....................
#....................
#.............@.......
#...#....#.....J....##
##.###..###.#...#.###
## #### ####### #


You could see a quicksilver ooze.

Vanquished Creatures
  Rupert (Lair:5)
  An acid blob (Slime:3)
  Snorg (Lair:4)
  Harold (Lair:1)
  4 hydras
  4 two-headed ogres
  Urug (Lair:1)
  A lindwurm (Lair:5)
  5 oklob plants
  21 elephants
  Joseph (D:10)
  Maurice (D:10)
  2 black mambas
  9 cane toads
  Maggie (D:10)
  2 unseen horrors
  3 komodo dragons
  4 rime drakes
  2 trolls
  A polar bear (Lair:3)
  A hornet (D:9)
  A snapping turtle (Lair:2)
  46 yaks
  A spriggan (Lair:3)
  A wyvern (Lair:1)
  2 basilisks
  Grum (D:9)
  3 vampire mosquitoes (D:7)
  Menkaure (D:5)
  An acid dragon (D:11)
  A naga (Lair:4)
  11 water moccasins
  An orc warrior (D:11)
  2 ice beasts
  A sky beast (D:7)
  4 black bears
  A necrophage (D:5)
  21 wolves
  3 centaurs
  2 kobold brigands
  A wyvern zombie (D:6)
  9 bullfrogs
  A gnoll sergeant (D:10)
  A water moccasin zombie (D:5)
  A water moccasin skeleton (D:5)
  6 killer bees (D:9)
  10 wights
  A howler monkey (D:4)
  A bullfrog zombie (D:6)
  13 jellies
  2 centaur zombies
  3 orc priests
  3 iguanas
  6 orc wizards
  A hound skeleton (D:5)
  A howler monkey zombie (D:10)
  4 adders
  8 gnolls
  A howler monkey skeleton (D:5)
  5 river rats (Sewer)
  3 white imps
  6 worms
  A dart slug (D:2)
  16 orcs
  19 endoplasms
  9 giant cockroaches
  8 goblins
  2 hobgoblins
  7 jackals
  7 quokkas
  10 ball pythons
  A bat (D:2)
  9 frilled lizards
  13 kobolds
  18 rats
378 creatures vanquished.

Vanquished Creatures (collateral kills)
  A hobgoblin (D:1)
  A ball python (D:1)
  A frilled lizard (D:1)
  A kobold (D:1)
4 creatures vanquished.

Vanquished Creatures (others)
  2 yaks
  An orc wizard (D:8)
  An orc (D:11)
  2 bushes (Lair:3)
  24 fungi
  39 plants
69 creatures vanquished.

Grand Total: 451 creatures vanquished

Notes
Turn   | Place    | Note
-------+----------+-------------------------------------------
     0 | D:1      | Phlounder the Djinni Wanderer began the quest for the Orb.
     0 | D:1      | Reached XP level 1. HP: 18/18 MP: 0/0
   270 | D:1      | Reached XP level 2. HP: 16/23 MP: 0/0
   803 | D:1      | Found a faded altar of an unknown god.
   824 | D:1      | Became a worshipper of Ru the Awakened
   850 | D:1      | Gained mutation: You are hated by all. [Ru sacrifice]
   850 | D:1      | Reached * piety under Ru
   850 | D:1      | Reached ** piety under Ru
  1229 | D:2      | Reached XP level 3. HP: 25/28 MP: 0/0
  1229 | D:2      | Learned a level 1 spell: Animate Skeleton
  1530 | D:2      | Reached XP level 4. HP: 30/33 MP: 0/0
  1786 | D:2      | Reached skill level 5 in Spellcasting
  2133 | D:3      | Reached skill level 1 in Armour
  2133 | D:3      | Reached XP level 5. HP: 21/38 MP: 0/0
  2133 | D:3      | Learned a level 2 spell: Passwall
  3132 | D:4      | Found a glowing drain.
  3141 | Sewer    | Entered a sewer
  3359 | Sewer    | Reached XP level 6. HP: 42/45 MP: 0/0
  3573 | Sewer    | Gained mutation: You do not regenerate when monsters are
                  | visible. [Ru sacrifice]
  4328 | D:4      | Reached skill level 6 in Spellcasting
  4328 | D:4      | Reached XP level 7. HP: 43/49 MP: 0/0
  4328 | D:4      | Learned a level 2 spell: Searing Ray
  4918 | D:5      | Entered Level 5 of the Dungeon
  5094 | D:5      | Reached skill level 1 in Short Blades
  5370 | D:5      | Found an ornate altar of the Wu Jian Council.
  5589 | D:5      | Noticed a two-headed ogre
  5595 | D:5      | Killed a two-headed ogre
  5596 | D:5      | Reached skill level 1 in Stealth
  5596 | D:5      | Reached skill level 7 in Spellcasting
  5596 | D:5      | Reached XP level 8. HP: 9/58 MP: 0/0
  5969 | D:5      | Noticed Menkaure
  5973 | D:5      | Killed Menkaure
  6217 | D:5      | Reached XP level 9. HP: 53/62 MP: 0/0
  6217 | D:5      | Learned a level 4 spell: Summon Ice Beast
  6455 | D:6      | Identified the +0 robe of Saorred {rElec rF++ Regen+ Int-5}
  6892 | D:6      | Reached skill level 8 in Spellcasting
  6988 | D:6      | Found Daegirph's CLEARANCE SALE! EVERYTHING MUST GO!.
  7021 | D:6      | Gained mutation: You are missing a hand. [Ru sacrifice]
  7021 | D:6      | Reached *** piety under Ru
  7021 | D:6      | Reached **** piety under Ru
  7021 | D:6      | Reached ***** piety under Ru
  7300 | D:6      | Bought a +0 demon blade of draining for 145 gold pieces
  7300 | D:6      | Bought a scroll of teleportation for 15 gold pieces
  7300 | D:6      | Bought a scroll of immolation for 17 gold pieces
  8067 | D:7      | Found a staircase to the Ecumenical Temple.
  8072 | Temple   | Entered the Ecumenical Temple
  8448 | D:7      | Found a glowing silver altar of Zin.
  8470 | D:7      | Reached skill level 5 in Fighting
  8595 | D:7      | Reached XP level 10. HP: 63/70 MP: 0/0
  8788 | D:8      | Reached skill level 9 in Spellcasting
  8886 | D:8      | Noticed a two-headed ogre
  8891 | D:8      | Reached skill level 1 in Long Blades
  8893 | D:8      | Killed a two-headed ogre
  9022 | D:8      | Noticed a two-headed ogre
  9026 | D:8      | Killed a two-headed ogre
  9167 | D:8      | Reached skill level 10 in Spellcasting
  9863 | D:8      | Found a snail-covered altar of Cheibriados.
 10295 | D:9      | Noticed Grum
 10303 | D:9      | Killed Grum
 10307 | D:9      | Reached XP level 11. HP: 46/76 MP: 0/0
 10307 | D:9      | Learned a level 4 spell: Ice Form
 10545 | D:9      | Noticed a two-headed ogre
 10547 | D:9      | Killed a two-headed ogre
 10665 | D:9      | Reached skill level 5 in Long Blades
 12088 | D:10     | Entered Level 10 of the Dungeon
 12159 | D:10     | Noticed Maurice
 12163 | D:10     | Killed Maurice
 12262 | D:10     | Noticed Maggie
 12268 | D:10     | Killed Maggie
 12269 | D:10     | Found a portal to a secret trove of treasure.
 12486 | D:10     | Noticed Joseph
 12503 | D:10     | Killed Joseph
 12752 | D:10     | Reached skill level 11 in Spellcasting
 13189 | D:10     | Reached XP level 12. HP: 59/84 MP: 0/0
 13648 | D:11     | Reached skill level 5 in Armour
 13981 | D:11     | Noticed a seven-headed hydra
 13987 | D:11     | Killed a seven-headed hydra
 14340 | D:11     | Found a staircase to the Lair.
 14936 | Lair:1   | Entered Level 1 of the Lair of Beasts
 14976 | Lair:1   | Noticed Harold
 14991 | Lair:1   | Killed Harold
 15133 | Lair:1   | Noticed Urug
 15152 | Lair:1   | Killed Urug
 15654 | Lair:1   | Noticed a five-headed hydra
 15660 | Lair:1   | Killed a five-headed hydra
 15773 | Lair:1   | Identified the +0 pair of gloves "Kaipto" {Str+4}
 15920 | Lair:1   | Noticed a five-headed hydra
 15927 | Lair:1   | Killed a five-headed hydra
 16761 | Lair:2   | Reached XP level 13. HP: 60/90 MP: 0/0
 16761 | Lair:2   | Learned a level 5 spell: Irradiate
 17464 | Lair:2   | Found a staircase to the Shoals.
 18538 | Lair:3   | Reached skill level 12 in Spellcasting
 18555 | Lair:3   | Noticed an eight-headed hydra
 18568 | Lair:3   | Killed an eight-headed hydra
 18573 | Lair:3   | Reached skill level 10 in Long Blades
 19489 | Lair:3   | Reached skill level 5 in Dodging
 20382 | Lair:3   | Reached XP level 14. HP: 77/87 MP: 0/0
 20582 | Lair:4   | Gained mutation: You are slightly weak-willed. (Will-) [Ru
                  | sacrifice]
 20582 | Lair:4   | Reached ****** piety under Ru
 20943 | Lair:4   | Found a staircase to the Snake Pit.
 21023 | Lair:4   | Noticed Snorg
 21031 | Lair:4   | Killed Snorg
 21032 | Lair:4   | Reached skill level 5 in Stealth
 21734 | Lair:4   | Identified a scroll of acquirement
 21734 | Lair:4   | Acquired 1212 gold pieces
 21747 | Lair:5   | Noticed Rupert
 21760 | Lair:5   | Killed Rupert
 22142 | Lair:5   | Found a runed translucent gate.
 22145 | Lair:5   | Found a runed translucent gate.
 22145 | Lair:5   | Found a runed translucent gate.
 22562 | Lair:5   | Found a runed translucent door.
 22568 | Lair:5   | Found a staircase to the Slime Pits.
 22614 | Slime:1  | Entered Level 1 of the Pits of Slime
 22627 | Slime:2  | Noticed a quicksilver ooze
 22629 | Slime:3  | Noticed an acid blob
 22635 | Slime:3  | Killed an acid blob
 22637 | Slime:2  | Slain by a quicksilver ooze

Illustrated notes

Levels and vault maps discovered:
D:1:      eino_arrival_water_star, layout_loops_ring,
          hellmonk_ecumenical_altar_leap_of_faith, nrook_mini_backslash,
          minmay_pentomino_v4
D:2:      layout_rooms
D:3:      layout_loops_ring, kennysheep_small_spiral
D:4:      layout_loops_ring, fedhas_altar_4, lemuel_round_altar,
          gup_sewer_entry_bubbles
D:5:      layout_basic, general_overflow_altar, minmay_puff, uniq_menkaure
D:6:      layout_gridville, nicolae_shop_clearance
D:7:      layout_loops_ring, kennysheep_mini_moat, temple_doors_e
D:8:      layout_basic, gammafunk_temple_overflow_pools
D:9:      layout_loops_ring, uniq_grum
D:10:     layout_roguey, enter_trove_1, statue_in_the_mist_lemuel,
          corexii_checkpoint_a, uniq_maurice, uniq_maggie, uniq_joseph
D:11:     layout_stronghold, dpeg_oklobed_lair, hex_large
Temple:   eino_temple_scatter_basement
Lair:1:   layout_cave_pods, lemuel_oklob_altar, uniq_urug, uniq_harold
Lair:2:   layout_regular_city, minmay_shoals_entry_hut
Lair:3:   lemuel_slime, layout_concentric_octagons,
          chequers_serial_rivers_micro_b, grunt_forest_stairs_clearing,
          grunt_megastairs_5, lemuel_fruit_fields, serial_bayou_shore_b
Lair:4:   layout_small_grid, guppyfry_snake_entry_island, serial_forest,
          infiniplex_forest_clump_small, infiniplex_forest_end_1,
          infiniplex_forest_pool, infiniplex_forest_clump_double,
          infiniplex_forest_lined_room_3, infiniplex_forest_clump_C,
          infiniplex_forest_lined_4_way, infiniplex_forest_end_2, uniq_snorg
Lair:5:   layout_regular_city, slime_altar_2, gammafunk_ghost_icy,
          patterned_corridor, infiniplex_staircase_pool_2, grunt_megastairs_3,
          minmay_lair_oklob_chamber, lemuel_fruit_fields, lemuel_fruit_tree,
          uniq_rupert
Slime:1:  layout_caves
Slime:2:  cheibrodos_slime_lost_civilization_2, layout_caves
Slime:3:  layout_caves

Skill      XL: |  1  2  3  4  5  6  7  8  9 10 11 12 13 14 |
---------------+-------------------------------------------+-----
Spellcasting   | 5 6 7 8 10 11 12 | 12.9
Armour         | 1 2 3 4 5 6 |  6.3
Fighting       | 3 4 5 6 7 8 9 |  9.2
Short Blades   | 1 2 |  2.2
Dodging        | 2 3 4 5 |  5.4
Stealth        | 1 2 3 4 5 |  5.3
Shields        | 0 |  0.0
Long Blades    | 3 6 9 10 11 | 11.1
Throwing       | |  1.1
Unarmed Combat | |  0.4

Action                   |  1- 3 |  4- 6 |  7- 9 | 10-12 | 13-15 || total
-------------------------+-------+-------+-------+-------+-------++-------
Melee: Dagger            |    70 |    50 |     5 |       |       ||   125
       Demon blade       |       |       |     6 |   200 |   180 ||   386
       Unarmed           |       |       |       |       |     7 ||     7
Throw: Boomerang         |       |       |     1 |     3 |     1 ||     5
 Cast: Summon Small Mamm |    13 |       |       |       |       ||    13
       Sandblast         |    27 |    41 |    13 |       |    12 ||    93
       Stone Arrow       |       |    35 |    81 |   148 |   139 ||   403
       Searing Ray       |       |       |     1 |     8 |     5 ||    14
       Ice Form          |       |       |       |     1 |     3 ||     4
       Irradiate         |       |       |       |       |     9 ||     9
Invok: Sacrifice Love    |     1 |       |       |       |       ||     1
       Sacrifice Purity  |       |     1 |       |       |       ||     1
       Sacrifice a Hand  |       |       |     1 |       |       ||     1
       Apocalypse        |       |       |       |     1 |     2 ||     3
       Reject Sacrifices |       |       |       |     1 |       ||     1
       Draw Out Power    |       |       |       |       |     2 ||     2
       Sacrifice Essence |       |       |       |       |     1 ||     1
  Use: Scroll            |       |     6 |     1 |     4 |     4 ||    15
       Potion            |       |       |       |     1 |     2 ||     3
 Stab: Sleeping          |       |     2 |     2 |     2 |     3 ||     9
       Invisible         |       |       |     1 |     2 |       ||     3
       Paralysed         |       |       |       |     3 |    11 ||    14
       Distracted        |       |       |       |     1 |     2 ||     3
Armor: Leather armour    |    20 |    16 |    12 |    24 |       ||    72
       Acid dragon scale |       |       |       |    51 |    79 ||   130
       Skin              |       |       |       |     1 |     7 ||     8
Dodge: Dodged            |    31 |    31 |    16 |   111 |   105 ||   294
Block: Other             |       |       |       |    21 |    36 ||    57
       Reflection        |       |       |       |       |     1 ||     1
       Rpst.: Demon blade |       |       |     5 |    43 |    23 ||    71

Table legend: (Time is in decaauts)
 A = Elapsed time spent in this place.
 B = Non-inter-level travel time spent in this place.
 C = Inter-level travel time spent in this place.
 D = Time resting spent in this place.
 E = Time spent auto-exploring this place.
 F = Levels seen in this place.
 G = Mean time per level.
                   A        B        C        D        E       F      G
               +--------+--------+--------+--------+--------+-----+--------+
         Total |  22565 |  22175 |    390 |    714 |  19181 |  21 | 1074.5 |
       Dungeon |  14070 |  13751 |    319 |    322 |  12094 |  11 | 1279.1 |
        Temple |    205 |    181 |     24 |      0 |    181 |   1 |  205.0 |
          Lair |   7608 |   7561 |     47 |    392 |   6379 |   5 | 1521.6 |
    Slime Pits |     21 |     21 |      0 |      0 |      0 |   3 |    7.0 |
         Sewer |    659 |    659 |      0 |      0 |    527 |   1 |  659.0 |
               +--------+--------+--------+--------+--------+-----+--------+

Top non-repeatable levels by time:
  Lair:3: 2110 daAuts
  Lair:2: 1927 daAuts
     D:9: 1825 daAuts
     D:5: 1532 daAuts
  Lair:1: 1526 daAuts
     D:8: 1488 daAuts
    D:10: 1483 daAuts
    D:11: 1361 daAuts
     D:4: 1269 daAuts
     D:1: 1221 daAuts
  Lair:4: 1215 daAuts
     D:6: 1086 daAuts
     D:7: 1035 daAuts
     D:3: 946 daAuts
  Lair:5: 827 daAuts
